[Event "POL-chT 1 Liga 2019"]
[Site "Dzwirzyno"]
[Date "2019.09.14"]
[Round "8.12"]
[White "Sapis, Lucyna"]
[Black "Worek, Joanna"]
[Result "0-1"]
[ECO "A46"]
[WhiteElo "2042"]
[BlackElo "2308"]
[Annotator "NA"]
[PlyCount "112"]
[EventDate "2019.09.07"]
[EventType "team-tourn"]
[EventCountry "POL"]
[SourceTitle "playchess.com"]
[Source "ChessBase"]
[SourceQuality "1"]
[TimeControl "40/5400+30:1800+30"]

1. d4 Nf6 2. Nf3 e6 3. Bf4 c5 4. e3 Nc6 5. c3 b6 6. Nbd2 d5 7. Bb5 Bd7 8. Qa4 Nb8 9. Bxb8 Qxb8 10. Ne5 Qc7 11. Nxd7 Nxd7 12. Bxd7+ Qxd7 13. Qxd7+ Kxd7 14. Ke2 Bd6 15. h3 h5 16. Rad1 cxd4 17. exd4 g5 18. g3 Rag8 19. b3 h4 20. g4 Bf4 21. Nb1 Rc8 22. Rd3 Rc6 23. Rhd1 b5 24. a3 a5 25. Rf3 f5 26. Rg1 b4 27. a4 Rhc8 28. Kd3 Rxc3+ 29. Nxc3 Rxc3+ 30. Ke2 Rc2+ 31. Kf1 Rd2 32. Rxf4 gxf4 33. gxf5 f3 34. Ke1 Rxd4 35. fxe6+ Kxe6 36. Rg6+ Ke5 37. Ra6 Ke4 38. Rxa5 Kd3 39. Rc5 Re4+ 40. Kd1 Re5 41. a5 Rg5 42. Kc1 Rg1+ 43. Kb2 Ke2 44. Rc2+ Kf1 45. Rd2 Rg6 46. Kc2 Kg2 47. Kd3 Kxh3 48. Ke3 Kg2 49. Rxd5 h3 50. a6 h2 51. a7 Re6+ 52. Kf4 h1=Q 53. Rg5+ Kxf2 54. a8=Q Qh2+ 55. Kf5 Qe5+ 56. Kg4 Qg3+ 0-1

[Event "POL-chT 1 Liga 2019"]
[Site "Dzwirzyno"]
[Date "2019.09.14"]
[Round "8.13"]
[White "Antoniewski, Rafal"]
[Black "Golubka, Petro"]
[Result "1/2-1/2"]
[ECO "B17"]
[WhiteElo "2497"]
[BlackElo "2479"]
[Annotator "ChessBase"]
[PlyCount "29"]
[EventDate "2019.09.07"]
[EventType "team-tourn"]
[EventCountry "POL"]
[SourceTitle "playchess.com"]
[Source "ChessBase"]
[SourceQuality "1"]
[TimeControl "40/5400+30:1800+30"]

1. e4 c6 2. d4 d5 3. Nd2 dxe4 4. Nxe4 Nd7 5. Nf3 Ngf6 6. Ng3 e6 7. Bd3 Be7 8. O-O b6 9. Qe2 O-O 10. c4 Bb7 11. b3 a5 12. Bb2 a4 13. Rfd1 axb3 14. axb3 Qc7 15. Bc2 1/2-1/2

[Event "POL-chT 1 Liga 2019"]
[Site "Dzwirzyno"]
[Date "2019.09.14"]
[Round "8.14"]
[White "Kislinsky, Alexey"]
[Black "Cyborowski, Lukasz"]
[Result "1/2-1/2"]
[ECO "C42"]
[WhiteElo "2436"]
[BlackElo "2509"]
[Annotator "ChessBase"]
[PlyCount "21"]
[EventDate "2019.09.07"]
[EventType "team-tourn"]
[EventCountry "POL"]
[SourceTitle "playchess.com"]
[Source "ChessBase"]
[SourceQuality "1"]
[TimeControl "40/5400+30:1800+30"]

1. e4 e5 2. Nf3 Nf6 3. Nxe5 d6 4. Nf3 Nxe4 5. Bd3 Nf6 6. h3 Be7 7. c3 O-O 8. Bc2 b6 9. O-O Bb7 10. Re1 Re8 11. d4 1/2-1/2

[Event "POL-chT 1 Liga 2019"]
[Site "Dzwirzyno"]
[Date "2019.09.14"]
[Round "8.15"]
[White "Protaziuk, Grzegorz"]
[Black "Grabarczyk, Miroslaw"]
[Result "1/2-1/2"]
[ECO "C42"]
[WhiteElo "2334"]
[BlackElo "2374"]
[Annotator "NA"]
[PlyCount "23"]
[EventDate "2019.09.07"]
[EventType "team-tourn"]
[EventCountry "POL"]
[SourceTitle "playchess.com"]
[Source "ChessBase"]
[SourceQuality "1"]
[TimeControl "40/5400+30:1800+30"]

1. e4 e5 2. Nf3 Nf6 3. Nxe5 d6 4. Nf3 Nxe4 5. Nc3 Nf6 6. d4 Be7 7. Bg5 Bf5 8. Bd3 Bxd3 9. Qxd3 c6 10. O-O-O O-O 11. h4 Nbd7 12. Rde1 1/2-1/2

[Event "POL-chT 1 Liga 2019"]
[Site "Dzwirzyno"]
[Date "2019.09.14"]
[Round "8.16"]
[White "Sabuk, Piotr"]
[Black "Nurkiewicz, Maciej"]
[Result "1-0"]
[ECO "D24"]
[WhiteElo "2397"]
[BlackElo "2334"]
[Annotator "NA"]
[PlyCount "67"]
[EventDate "2019.09.07"]
[EventType "team-tourn"]
[EventCountry "POL"]
[SourceTitle "playchess.com"]
[Source "ChessBase"]
[SourceQuality "1"]
[TimeControl "40/5400+30:1800+30"]

1. d4 d5 2. c4 dxc4 3. Nf3 Nf6 4. Nc3 a6 5. e4 b5 6. e5 Nd5 7. a4 Nxc3 8. bxc3 Qd5 9. g3 Bb7 10. Bg2 Qd7 11. Ba3 g6 12. O-O Bg7 13. e6 fxe6 14. Re1 O-O 15. Qe2 Bd5 16. Ng5 Bxg2 17. Kxg2 Nc6 18. Qxe6+ Qxe6 19. Nxe6 Rfc8 20. Nxg7 Kxg7 21. d5 Nd8 22. Rxe7+ Nf7 23. Bc5 Rab8 24. a5 Rd8 25. Rxc7 Rxd5 26. Re1 Kg8 27. Ree7 Rf5 28. h4 Rd8 29. Be3 h5 30. Re6 Rd6 31. Re8+ Kg7 32. Bd4+ Rxd4 33. cxd4 Rf6 34. Rb8 1-0

[Event "POL-chT 1 Liga 2019"]
[Site "Dzwirzyno"]
[Date "2019.09.14"]
[Round "8.17"]
[White "Bartel, Michal"]
[Black "Kucza, Karol"]
[Result "1-0"]
[ECO "C65"]
[WhiteElo "2291"]
[BlackElo "2280"]
[Annotator "NA"]
[PlyCount "109"]
[EventDate "2019.09.07"]
[EventType "team-tourn"]
[EventCountry "POL"]
[SourceTitle "playchess.com"]
[Source "ChessBase"]
[SourceQuality "1"]
[TimeControl "40/5400+30:1800+30"]

1. e4 e5 2. Nf3 Nc6 3. Bb5 Nf6 4. d3 Bc5 5. c3 O-O 6. O-O Re8 7. Nbd2 Bf8 8. Re1 a6 9. Ba4 d6 10. h3 h6 11. Nf1 b5 12. Bc2 Bb7 13. Ng3 Ne7 14. Nh4 c5 15. Qf3 Ng6 16. Nhf5 d5 17. h4 Re6 18. Be3 Rc8 19. Rad1 Ne7 20. Bb1 Nxf5 21. Nxf5 d4 22. cxd4 cxd4 23. Bd2 h5 24. a3 g6 25. Ba2 gxf5 26. Bxe6 fxe6 27. Qg3+ Kf7 28. exf5 exf5 29. Qxe5 Qd5 30. Qxd5+ Bxd5 31. Rc1 Rxc1 32. Rxc1 Nd7 33. Rc7 Ke6 34. Ra7 Bb3 35. Rxa6+ Kd5 36. Rg6 Bc2 37. Rg5 Bxd3 38. Rxh5 Kc4 39. Rh8 Kb3 40. h5 Kxb2 41. h6 Bxa3 42. h7 Nf6 43. Bc1+ Kb3 44. Bxa3 Nxh7 45. Rxh7 Kxa3 46. Rh3 Kb3 47. Rxd3+ Kc4 48. Rf3 b4 49. Rxf5 b3 50. Rf8 Kd3 51. Kf1 Kd2 52. Rb8 Kc2 53. Ke1 b2 54. Rxb2+ Kxb2 55. Kd2 1-0

[Event "POL-chT 1 Liga 2019"]
[Site "Dzwirzyno"]
[Date "2019.09.14"]
[Round "8.18"]
[White "Kantane, Anna"]
[Black "Kulon, Klaudia"]
[Result "1/2-1/2"]
[ECO "C85"]
[WhiteElo "2273"]
[BlackElo "2339"]
[Annotator "NA"]
[PlyCount "23"]
[EventDate "2019.09.07"]
[EventType "team-tourn"]
[EventCountry "POL"]
[SourceTitle "playchess.com"]
[Source "ChessBase"]
[SourceQuality "1"]
[TimeControl "40/5400+30:1800+30"]

1. e4 e5 2. Nf3 Nc6 3. Bb5 a6 4. Ba4 Nf6 5. O-O Be7 6. Bxc6 dxc6 7. d3 Nd7 8. Nbd2 c5 9. Nc4 f6 10. a4 Nb8 11. Nh4 Be6 12. Nf5 1/2-1/2

[Event "POL-chT 1 Liga 2019"]
[Site "Dzwirzyno"]
[Date "2019.09.14"]
[Round "8.19"]
[White "Szwed, Jacek"]
[Black "Sopur, Lech"]
[Result "1-0"]
[ECO "B34"]
[WhiteElo "2370"]
[BlackElo "2417"]
[Annotator "NA"]
[PlyCount "71"]
[EventDate "2019.09.07"]
[EventType "team-tourn"]
[EventCountry "POL"]
[SourceTitle "playchess.com"]
[Source "ChessBase"]
[SourceQuality "1"]
[TimeControl "40/5400+30:1800+30"]

1. e4 c5 2. Nc3 Nc6 3. Nge2 g6 4. d4 cxd4 5. Nxd4 Bg7 6. Nde2 Nf6 7. g3 b5 8. Bg2 b4 9. Nd5 Bb7 10. a3 bxa3 11. Rxa3 O-O 12. O-O Nxd5 13. exd5 Ne5 14. b3 a5 15. Ra4 d6 16. Be3 Qc7 17. Bd4 Rfc8 18. c4 Rcb8 19. Qa1 Bf6 20. Bc3 Qb6 21. Nd4 Nd3 22. Nb5 Bxc3 23. Qxc3 Nc5 24. Ra2 a4 25. b4 Nd7 26. Nd4 Ne5 27. c5 dxc5 28. bxc5 Qa5 29. Qxa5 Rxa5 30. Rb1 Rxc5 31. Nc6 Re8 32. Rxb7 Rc1+ 33. Bf1 Nxc6 34. dxc6 Rxc6 35. Rxa4 Rf6 36. Bb5 1-0

[Event "POL-chT 1 Liga 2019"]
[Site "Dzwirzyno"]
[Date "2019.09.14"]
[Round "8.20"]
[White "Flis, Pawel"]
[Black "Zylka, Stanislaw"]
[Result "0-1"]
[ECO "B40"]
[WhiteElo "1897"]
[BlackElo "2338"]
[Annotator "NA"]
[PlyCount "58"]
[EventDate "2019.09.07"]
[EventType "team-tourn"]
[EventCountry "POL"]
[SourceTitle "playchess.com"]
[Source "ChessBase"]
[SourceQuality "1"]
[TimeControl "40/5400+30:1800+30"]

1. e4 c5 2. Nf3 e6 3. d3 Nc6 4. g3 g6 5. Bg2 Bg7 6. O-O Nge7 7. c3 O-O 8. Be3 d6 9. d4 cxd4 10. cxd4 d5 11. e5 Nf5 12. Qd2 Bd7 13. Nc3 f6 14. exf6 Qxf6 15. Ne2 Rac8 16. Rac1 h6 17. h4 Kh7 18. Rfd1 Qe7 19. a3 Nd6 20. Qd3 Rf5 21. Nd2 e5 22. dxe5 Nxe5 23. Qb3 Ng4 24. Rxc8 Bxc8 25. Bxd5 Nxe3 26. fxe3 Rxd5 27. Qxd5 Qxe3+ 28. Kf1 Bg4 29. Nf3 Ne4 0-1

[Event "POL-chT 1 Liga 2019"]
[Site "Dzwirzyno"]
[Date "2019.09.14"]
[Round "8.21"]
[White "Nowak, Mikolaj"]
[Black "Szmacinski, Slawomir"]
[Result "1-0"]
[ECO "B50"]
[WhiteElo "2262"]
[BlackElo "1848"]
[Annotator "NA"]
[PlyCount "105"]
[EventDate "2019.09.07"]
[EventType "team-tourn"]
[EventCountry "POL"]
[SourceTitle "playchess.com"]
[Source "ChessBase"]
[SourceQuality "1"]
[TimeControl "40/5400+30:1800+30"]

1. e4 c5 2. Nf3 d6 3. c3 Nf6 4. Bd3 Nc6 5. O-O a6 6. Bc2 Bg4 7. h3 Bh5 8. d3 e6 9. Nbd2 Be7 10. Re1 O-O 11. Nf1 Rc8 12. g4 Bg6 13. Ng3 h6 14. Qe2 Nh7 15. Kg2 Re8 16. Nh2 e5 17. f4 exf4 18. Bxf4 Bg5 19. Bxg5 Nxg5 20. Qf2 Ne6 21. Nf5 Bxf5 22. gxf5 Qg5+ 23. Kh1 Nf4 24. h4 Nh3 25. hxg5 Nxf2+ 26. Kg2 Nxd3 27. Bxd3 Ne5 28. Rad1 hxg5 29. Nf3 Ng4 30. Kg3 Nf6 31. Nxg5 b5 32. a4 c4 33. Bc2 Rc6 34. axb5 axb5 35. Rd2 Rb8 36. Red1 Ne8 37. Kf4 Kf8 38. Nf3 Rc5 39. Rd5 Rc7 40. e5 dxe5+ 41. Nxe5 Rbb7 42. Be4 Ra7 43. Rxb5 g5+ 44. fxg6 fxg6 45. Nxg6+ Kf7 46. Ne5+ Kf8 47. Rb8 Ra6 48. Rdd8 Re6 49. Bg6 Rce7 50. Rxe8+ Rxe8 51. Rxe8+ Rxe8 52. Bxe8 Kxe8 53. Ke4 1-0

[Event "POL-chT 1 Liga 2019"]
[Site "Dzwirzyno"]
[Date "2019.09.14"]
[Round "8.22"]
[White "Redlich, Bogdan"]
[Black "Tomaszewski, Kacper"]
[Result "0-1"]
[ECO "A89"]
[WhiteElo "1600"]
[BlackElo "2363"]
[Annotator "NA"]
[PlyCount "79"]
[EventDate "2019.09.07"]
[EventType "team-tourn"]
[EventCountry "POL"]
[SourceTitle "playchess.com"]
[Source "ChessBase"]
[SourceQuality "1"]
[TimeControl "40/5400+30:1800+30"]

1. d4 g6 2. Nf3 Bg7 3. c4 f5 4. g3 Nf6 5. Bg2 O-O 6. O-O d6 7. Nc3 Nc6 8. b3 e5 9. dxe5 dxe5 10. Ba3 Re8 11. e4 fxe4 12. Ng5 Qxd1 13. Raxd1 Bg4 14. f3 exf3 15. Bxf3 Bxf3 16. Nxf3 e4 17. Ng5 h6 18. Nd5 Nxd5 19. cxd5 Nd4 20. Ne6 Nxe6 21. dxe6 Rxe6 22. Rd7 e3 23. Rff7 Bc3 24. Rde7 Re8 25. Rf8+ Kxf8 26. Rxe6+ Kf7 27. Rxe8 Kxe8 28. Kf1 Bd4 29. Ke2 Kd7 30. Bc1 Ke6 31. Bxe3 Bxe3 32. Kxe3 Ke5 33. h3 c5 34. Kd3 Kd5 35. Ke3 b5 36. Kd3 c4+ 37. bxc4+ bxc4+ 38. Kc3 Kc5 39. g4 g5 40. a3 0-1

[Event "POL-chT 1 Liga 2019"]
[Site "Dzwirzyno"]
[Date "2019.09.14"]
[Round "8.23"]
[White "Wolynski, Krzysztof"]
[Black "Kelm, Robert"]
[Result "1-0"]
[ECO "C00"]
[WhiteElo "2063"]
[BlackElo "1585"]
[Annotator "NA"]
[PlyCount "66"]
[EventDate "2019.09.07"]
[EventType "team-tourn"]
[EventCountry "POL"]
[SourceTitle "playchess.com"]
[Source "ChessBase"]
[SourceQuality "1"]
[TimeControl "40/5400+30:1800+30"]

1. e4 e6 2. Qe2 Nc6 3. c3 e5 4. f4 d6 5. Nf3 exf4 6. d4 g5 7. Qb5 g4 8. Ng1 a6 9. Qd3 Qh4+ 10. Kd1 Bh6 11. Ne2 Qf6 12. h3 Nge7 13. hxg4 Bg5 14. Nd2 Bxg4 15. Nf3 h6 16. Bd2 O-O-O 17. Nh2 Bh5 18. Qh3+ Qe6 19. Qxh5 Qxe4 20. Qf3 Qxf3 21. Nxf3 Ng6 22. Neg1 Nce7 23. Bc4 d5 24. Bd3 Kd7 25. Kc2 Ke6 26. Nh3 Kf6 27. Nf2 Rhe8 28. Ng4+ Kg7 29. Nge5 Nf8 30. Raf1 f6 31. Ng4 Nfg6 32. Nf2 Nh8 33. Nh3 Nf7 1-0

[Event "POL-chT 1 Liga 2019"]
[Site "Dzwirzyno"]
[Date "2019.09.14"]
[Round "8.24"]
[White "Miturova, Magdalena"]
[Black "Cieslak, Wiktoria"]
[Result "1/2-1/2"]
[ECO "A05"]
[WhiteElo "2219"]
[BlackElo "2063"]
[Annotator "NA"]
[PlyCount "62"]
[EventDate "2019.09.07"]
[EventType "team-tourn"]
[EventCountry "POL"]
[SourceTitle "playchess.com"]
[Source "ChessBase"]
[SourceQuality "1"]
[TimeControl "40/5400+30:1800+30"]

1. Nf3 Nf6 2. g3 b5 3. c3 c5 4. d4 e6 5. Qb3 a6 6. a4 c4 7. Qc2 Bb7 8. Nbd2 Be7 9. Bg2 O-O 10. O-O d6 11. b3 Qc7 12. bxc4 bxc4 13. Ba3 Nbd7 14. Rfb1 Rab8 15. e4 Rfe8 16. Rb2 Bf8 17. Rab1 Bxe4 18. Nxe4 Nxe4 19. Ne1 Nef6 20. Rb7 Rxb7 21. Rxb7 Qc8 22. Qb1 d5 23. Bxf8 Rxf8 24. Nc2 Qc6 25. Qb4 Ne8 26. Ra7 Nc7 27. Qa5 Rc8 28. Nb4 Qb6 29. Qxb6 Nxb6 30. Nxa6 Nxa6 31. Rxa6 Na8 1/2-1/2

[Event "POL-chT 1 Liga 2019"]
[Site "Dzwirzyno"]
[Date "2019.09.14"]
[Round "8.25"]
[White "Cukrowski, Filip"]
[Black "Chylewski, Patryk"]
[Result "1/2-1/2"]
[ECO "C88"]
[WhiteElo "2410"]
[BlackElo "2342"]
[Annotator "NA"]
[PlyCount "65"]
[EventDate "2019.09.07"]
[EventType "team-tourn"]
[EventCountry "POL"]
[SourceTitle "playchess.com"]
[Source "ChessBase"]
[SourceQuality "1"]
[TimeControl "40/5400+30:1800+30"]

1. e4 e5 2. Nf3 Nc6 3. Bb5 a6 4. Ba4 Nf6 5. O-O Be7 6. Re1 b5 7. Bb3 O-O 8. h3 Bb7 9. d3 d6 10. c3 Na5 11. Bc2 c5 12. Nbd2 Re8 13. Nf1 Bf8 14. Ng3 g6 15. b4 Nc6 16. a3 a5 17. bxa5 Qxa5 18. Bb3 c4 19. dxc4 bxc4 20. Bxc4 Qxc3 21. Qb3 Qxb3 22. Bxb3 Na5 23. Ba2 Rec8 24. Bd2 Nc4 25. Bb4 h6 26. Rec1 Nb6 27. Nd2 d5 28. Rxc8 Nxc8 29. Rb1 Bxb4 30. Rxb4 Rxa3 31. Bb3 Bc6 32. Nf3 dxe4 33. Bxf7+ 1/2-1/2

[Event "POL-chT 1 Liga 2019"]
[Site "Dzwirzyno"]
[Date "2019.09.14"]
[Round "8.26"]
[White "Kowalski, Igor"]
[Black "Lewtak, Damian"]
[Result "1/2-1/2"]
[ECO "D38"]
[WhiteElo "2364"]
[BlackElo "2377"]
[Annotator "NA"]
[PlyCount "34"]
[EventDate "2019.09.07"]
[EventType "team-tourn"]
[EventCountry "POL"]
[SourceTitle "playchess.com"]
[Source "ChessBase"]
[SourceQuality "1"]
[TimeControl "40/5400+30:1800+30"]

1. d4 Nf6 2. c4 e6 3. Nf3 d5 4. Nc3 Bb4 5. Bg5 h6 6. Bxf6 Qxf6 7. Qa4+ Nc6 8. e3 O-O 9. Be2 Bd7 10. Qb3 dxc4 11. Qxc4 Qg6 12. O-O Bd6 13. Nb5 Rfc8 14. Nxd6 cxd6 15. Qb3 Nd8 16. Qa3 Qc2 17. Bd3 Qc7 1/2-1/2

[Event "POL-chT 1 Liga 2019"]
[Site "Dzwirzyno"]
[Date "2019.09.14"]
[Round "8.27"]
[White "Plichta, Kamil"]
[Black "Nowak, Lukasz"]
[Result "1-0"]
[ECO "A45"]
[WhiteElo "2349"]
[BlackElo "2270"]
[Annotator "NA"]
[PlyCount "105"]
[EventDate "2019.09.07"]
[EventType "team-tourn"]
[EventCountry "POL"]
[SourceTitle "playchess.com"]
[Source "ChessBase"]
[SourceQuality "1"]
[TimeControl "40/5400+30:1800+30"]

1. d4 Nf6 2. Bg5 d5 3. e3 c5 4. Bxf6 gxf6 5. dxc5 e6 6. Nf3 Bxc5 7. Be2 b6 8. O-O Bb7 9. c4 dxc4 10. Qa4+ Nd7 11. Nc3 Qe7 12. Rfd1 a6 13. Qxc4 O-O 14. Qh4 Rfd8 15. Ne4 Bxe4 16. Qxe4 f5 17. Qf4 a5 18. h4 Nf8 19. h5 Rxd1+ 20. Rxd1 Rd8 21. Rxd8 Qxd8 22. Qg3+ Kh8 23. Qe5+ f6 24. Qc3 Kg7 25. a3 Kf7 26. Qc4 Qd6 27. Qa6 Qc7 28. g3 Nd7 29. Qa8 Qb8 30. Qc6 Ke7 31. Bb5 Nf8 32. Kg2 Qd8 33. Qb7+ Nd7 34. b4 axb4 35. axb4 Bd6 36. Nd4 Qc7 37. Qa8 Nb8 38. Qa2 Qc8 39. Bc4 e5 40. Qa7+ Bc7 41. Nxf5+ Qxf5 42. Qxc7+ Nd7 43. Bb5 Qe4+ 44. Kh2 Qf5 45. Qxd7+ Qxd7 46. Bxd7 Kxd7 47. g4 Kc6 48. f4 Kd5 49. Kg3 Ke4 50. g5 Kxe3 51. fxe5 f5 52. e6 f4+ 53. Kg4 1-0

[Event "POL-chT 1 Liga 2019"]
[Site "Dzwirzyno"]
[Date "2019.09.14"]
[Round "8.28"]
[White "Sanz Wawer, Daniel"]
[Black "Reza, Wojciech"]
[Result "0-1"]
[ECO "A50"]
[WhiteElo "2244"]
[BlackElo "2293"]
[Annotator "NA"]
[PlyCount "138"]
[EventDate "2019.09.07"]
[EventType "team-tourn"]
[EventCountry "POL"]
[SourceTitle "playchess.com"]
[Source "ChessBase"]
[SourceQuality "1"]
[TimeControl "40/5400+30:1800+30"]

1. d4 Nf6 2. c4 g6 3. f3 c5 4. d5 e6 5. Nc3 exd5 6. cxd5 d6 7. e4 a6 8. a4 Bg7 9. Nge2 Nbd7 10. Ng3 h5 11. Be2 Qe7 12. Bg5 h4 13. Nf1 Qe5 14. Qd2 Nh5 15. Rd1 Bf6 16. Be3 g5 17. Rg1 Nf4 18. g3 hxg3 19. hxg3 Nxe2 20. Qxe2 Qe7 21. Nd2 Ne5 22. Kf2 Rh2+ 23. Rg2 Rh7 24. Nc4 Nxc4 25. Qxc4 Bd7 26. Kg1 Kf8 27. Rh2 Rxh2 28. Kxh2 Kg7 29. Kg2 b5 30. axb5 axb5 31. Nxb5 Rb8 32. Nc3 Rxb2+ 33. Rd2 Rb4 34. Qd3 Rb3 35. Rc2 g4 36. Bd2 Qe5 37. Qc4 gxf3+ 38. Kf2 Ra3 39. Qf1 Bg4 40. Qh1 Bg5 41. Bxg5 Qxg5 42. Qh4 f6 43. Nd1 Ra4 44. Qxg5+ fxg5 45. Ne3 Rxe4 46. Rc4 Rxc4 47. Nxc4 Bh5 48. Nxd6 g4 49. Ne4 c4 50. Ke3 Bg6 51. Nf2 c3 52. Nxg4 c2 53. Kd2 Kf8 54. Kc1 Ke7 55. Kd2 Kd6 56. Ne3 Ke5 57. Kc1 Kd4 58. Ng4 Kxd5 59. Kd2 Kd4 60. Nf2 Bf5 61. Nh1 Kc4 62. g4 Kb3 63. Kc1 Bxg4 64. Nf2 Bf5 65. Nh1 Kc4 66. Kd2 Kd4 67. Nf2 Ke5 68. Ng4+ Bxg4 69. Kd3 Kf4 0-1

[Event "POL-chT 1 Liga 2019"]
[Site "Dzwirzyno"]
[Date "2019.09.14"]
[Round "8.29"]
[White "Renkowski, Piotr"]
[Black "Kokoszczynski, Jan"]
[Result "0-1"]
[ECO "B10"]
[WhiteElo "2179"]
[BlackElo "2289"]
[Annotator "NA"]
[PlyCount "56"]
[EventDate "2019.09.07"]
[EventType "team-tourn"]
[EventCountry "POL"]
[SourceTitle "playchess.com"]
[Source "ChessBase"]
[SourceQuality "1"]
[TimeControl "40/5400+30:1800+30"]

1. e4 c6 2. c4 d5 3. cxd5 cxd5 4. exd5 Nf6 5. Nc3 g6 6. Nf3 Bg7 7. Bc4 O-O 8. O-O Nbd7 9. Re1 a6 10. a4 Nb6 11. Bb3 Nbxd5 12. d4 e6 13. Bg5 Qd6 14. Qd2 Re8 15. Ne5 Qf8 16. a5 b5 17. axb6 Nxb6 18. Bxf6 Bxf6 19. Ne4 Bg7 20. Qa5 Nd7 21. Nxf7 Rb8 22. Ba2 Rxb2 23. Ned6 Bxd4 24. Kh1 Rxf2 25. Rad1 Bc5 26. Nxe8 Bb7 27. Rg1 Qxf7 28. Nc7 Bxg2+ 0-1

[Event "POL-chT 1 Liga 2019"]
[Site "Dzwirzyno"]
[Date "2019.09.14"]
[Round "8.30"]
[White "Moscicka, Pola"]
[Black "Jablonska, Sabina"]
[Result "1/2-1/2"]
[ECO "A60"]
[WhiteElo "1994"]
[BlackElo "1928"]
[Annotator "NA"]
[PlyCount "144"]
[EventDate "2019.09.07"]
[EventType "team-tourn"]
[EventCountry "POL"]
[SourceTitle "playchess.com"]
[Source "ChessBase"]
[SourceQuality "1"]
[TimeControl "40/5400+30:1800+30"]

1. d4 Nf6 2. c4 c5 3. d5 e6 4. Nc3 exd5 5. cxd5 Bd6 6. Nf3 O-O 7. g3 Re8 8. a4 Bc7 9. Bg2 d6 10. O-O a6 11. h3 Nbd7 12. b3 Rb8 13. Nd2 Ba5 14. Bb2 b5 15. axb5 axb5 16. Re1 Qc7 17. Qc2 c4 18. bxc4 b4 19. Ncb1 b3 20. Qc1 Nc5 21. Nc3 Bd7 22. g4 Re7 23. g5 Nh5 24. Nf3 Ne4 25. Nxe4 Rxe4 26. Nd2 Bxd2 27. Qxd2 Rxc4 28. Rec1 Bf5 29. e4 Bg6 30. Rxc4 Qxc4 31. Rc1 Qa4 32. Bf3 f6 33. Qc3 Rf8 34. Qc6 Qa2 35. Qc3 Qa4 36. Ra1 Qd7 37. Bg4 Qe7 38. Qe3 Qe8 39. Ra7 Kh8 40. f4 Rf7 41. Rxf7 Bxf7 42. Bxh5 Bxh5 43. gxf6 Qg6+ 44. Kf2 gxf6 45. f5 Qg7 46. Bd4 Bd1 47. Qc3 Kg8 48. Bxf6 Qd7 49. Bd4 Kf7 50. Qg3 Kf8 51. Qh4 Qe7 52. f6 Qc7 53. Qh6+ Ke8 54. Qg7 Qxg7 55. fxg7 Kf7 56. Ke3 h5 57. Kf4 Be2 58. Kg5 Bf3 59. Kf5 Bg2 60. h4 Bh3+ 61. Kg5 Bg2 62. Kf5 Bh3+ 63. Kf4 Bg2 64. Bb2 Bh1 65. Ke3 Bg2 66. Kd3 Bh1 67. e5 Kxg7 68. Kd4 Kf7 69. Ba3 dxe5+ 70. Kxe5 b2 71. Bxb2 Ke7 72. Ba3+ Kd7 {[%emt 0:00:03] Ke4} 1/2-1/2

[Event "POL-chT 1 Liga 2019"]
[Site "Dzwirzyno"]
[Date "2019.09.15"]
[Round "9.1"]
[White "Chylewski, Patryk"]
[Black "Nayhebaver, Martin"]
[Result "1/2-1/2"]
[ECO "B31"]
[WhiteElo "2342"]
[BlackElo "2491"]
[Annotator "ChessBase"]
[PlyCount "62"]
[EventDate "2019.09.07"]
[EventType "team-tourn"]
[EventCountry "POL"]
[SourceTitle "playchess.com"]
[Source "ChessBase"]
[SourceQuality "1"]
[TimeControl "40/5400+30:1800+30"]

1. e4 c5 2. Nf3 Nc6 3. Bb5 g6 4. O-O Bg7 5. c3 e5 6. d3 Nge7 7. Be3 d6 8. d4 cxd4 9. cxd4 O-O 10. dxe5 dxe5 11. Nbd2 Nd4 12. Nxd4 exd4 13. Bg5 Qd6 14. Bd3 Nc6 15. Nc4 Qc5 16. Bf4 Rd8 17. a3 Qe7 18. Qd2 Be6 19. Bg5 f6 20. Bf4 Rac8 21. Rac1 Kh8 22. Rfd1 Ne5 23. Nxe5 fxe5 24. Bg5 Bf6 25. Bxf6+ Qxf6 26. Rxc8 Rxc8 27. Rc1 Qe7 28. Rxc8+ Bxc8 29. Qc1 Be6 30. f4 Qd6 31. g3 Kg7 1/2-1/2

[Event "POL-chT 1 Liga 2019"]
[Site "Dzwirzyno"]
[Date "2019.09.15"]
[Round "9.2"]
[White "Roubalik, Jakub"]
[Black "Kowalski, Igor"]
[Result "1-0"]
[ECO "E70"]
[WhiteElo "2405"]
[BlackElo "2364"]
[Annotator "NA"]
[PlyCount "91"]
[EventDate "2019.09.07"]
[EventType "team-tourn"]
[EventCountry "POL"]
[SourceTitle "playchess.com"]
[Source "ChessBase"]
[SourceQuality "1"]
[TimeControl "40/5400+30:1800+30"]

1. d4 Nf6 2. c4 g6 3. Nc3 Bg7 4. e4 d6 5. Nge2 O-O 6. Ng3 h5 7. Be2 {[%emt 0:02:17] E70: King's Indian: Miscellaneous lines with 4 e4, including 5 Nge2 and 5 Bd3 0-0 6 Nge2} Nbd7 8. Bg5 (8. h4 a6 9. Bg5 c5 10. d5 b5 11. b3 Nh7 12. Bd2 b4 13. Na4 Bxa1 14. Qxa1 e5 {0-1 (59) Rapport,R (2693)-Ding,L (2714) Biel 2013}) 8... Nh7 9. Be3 e5 10. d5 a5 $146 ({Predecessor:} 10... h4 11. Nf1 f5 12. f3 Ndf6 13. exf5 gxf5 14. Qc2 Nh5 {0-1 (43) Gilea,L (2270)-Istratescu,A (2580) Baile Govora 2017}) 11. Nf1 h4 12. Qc2 Nc5 13. O-O-O Bd7 14. g3 h3 15. Nd2 a4 16. a3 f5 17. Kb1 f4 18. gxf4 exf4 19. Bxc5 dxc5 20. Nf3 g5 21. e5 Bf5 22. Bd3 Bxd3 23. Qxd3 g4 24. Nd2 $18 Bxe5 25. Rdg1 Qd7 26. Qxh3 Nf6 27. Nce4 Qh7 28. Qd3 Kh8 29. Nxc5 Qxd3+ 30. Nxd3 Rfe8 31. h3 g3 32. fxg3 fxg3 33. Nxe5 Rxe5 34. Rxg3 b5 35. Rf3 Nh5 36. Rhf1 Re2 37. Rd3 bxc4 38. Nxc4 Rb8 39. Rf7 Rb3 40. Rd1 Ng3 41. Rxc7 Ne4 42. Rc1 Nd2+ 43. Nxd2 Rxd2 44. R1c2 Rd1+ 45. Ka2 Rxh3 46. Ra7 1-0

[Event "POL-chT 1 Liga 2019"]
[Site "Dzwirzyno"]
[Date "2019.09.15"]
[Round "9.3"]
[White "Nowak, Lukasz"]
[Black "Paszewski, Mateusz"]
[Result "1-0"]
[ECO "D37"]
[WhiteElo "2270"]
[BlackElo "2297"]
[Annotator "NA"]
[PlyCount "77"]
[EventDate "2019.09.07"]
[EventType "team-tourn"]
[EventCountry "POL"]
[SourceTitle "playchess.com"]
[Source "ChessBase"]
[SourceQuality "1"]
[TimeControl "40/5400+30:1800+30"]

1. d4 Nf6 2. c4 e6 3. Nf3 d5 4. Nc3 a6 5. cxd5 exd5 6. Bg5 Be6 7. Qb3 Nbd7 8. e3 Rb8 9. Bd3 Bd6 10. O-O O-O 11. Qc2 h6 12. Bh4 c6 13. Rfc1 $11 Qe7 14. Bg3 Bxg3 15. hxg3 Ne8 16. Na4 Nd6 17. Nc5 Rfd8 18. a4 Qf6 19. b4 Bf5 20. Bxf5 Qxf5 21. Qxf5 Nxf5 22. Nxd7 Rxd7 23. b5 axb5 24. axb5 Rc7 25. Rc5 f6 26. Ne1 Ne7 27. Nd3 Rbc8 28. Rac1 Kf7 29. f3 Ke6 30. e4 g5 31. b6 Rd7 32. Ra5 Rcd8 33. Nc5+ Kf7 34. e5 fxe5 35. dxe5 Ke8 36. e6 Rd6 37. Nxb7 Rxe6 38. Nxd8 Kxd8 39. Ra8+ 1-0